 Dungeon Crawl Stone Soup version 0.29.1-15-g9cfb28693d (webtiles) character file.

Game seed: 6549895408084524218

1490 Gabide the Charlatan (level 9, -4/65 HPs)
             Began as a Human Artificer on Apr 9, 2023.
             Slain by a two-headed ogre
             ... wielding a +0 giant club
              (13 damage)
             ... on level 6 of the Dungeon.
             The game lasted 00:11:43 (8141 turns).

Gabide the Charlatan (Human Artificer)              Turns: 8141, Time: 00:11:44

Health: -4/65      AC:  9    Str: 14    XL:     9   Next: 7%
Magic:  8/9        EV: 12    Int: 12    God:
Gold:   1525       SH:  0    Dex: 16    Spells: 8/8 levels left

rFire   . . .      SeeInvis .   a - +8 mace "Uvvintoz" {vorpal, +Blink rElec rC+}
rCold   + . .      Faith    .   h - orb {light}
rNeg    + . .      Spirit   .   n - +0 ring mail
rPois   .          Reflect  .   (no helmet)
rElec   +          Harm     .   (no cloak)
rCorr   +          Rampage  .   u - +2 pair of gloves
Will    .....                   (no boots)
Stlth   +.........              s - amulet of magic regeneration
HPRegen 0.20/turn               b - ring of resist corrosion
MPRegen 0.51/turn               m - ring of positive energy

@: on blink cooldown, glowing
A: no striking features
a: Evoke Blink


You were on level 6 of the Dungeon.
You visited 2 branches of the dungeon, and saw 7 of its levels.

You collected 1678 gold pieces.
You spent 153 gold pieces at shops.

Inventory:

Hand Weapons
 a - the +8 mace "Uvvintoz" (weapon) {vorpal, +Blink rElec rC+}
   (You found it on level 2 of the Dungeon)

   It inflicts extra damage upon your enemies.
   rC:        It protects you from cold.
   rElec:     It insulates you from electricity.
   +Blink:    It lets you blink.
 r - a +7 short sword of electrocution
Armour
 h - an orb of light (worn)
 n - a +0 ring mail (worn)
 u - a +2 pair of gloves (worn)
Jewellery
 b - a ring of resist corrosion (left hand)
 m - a ring of positive energy (right hand)
 s - an amulet of magic regeneration (around neck)
Wands
 c - a wand of flame (8) (quivered)
 d - a wand of charming (12)
 e - a wand of iceblast (14)
Scrolls
 f - 2 scrolls of fear
 k - 4 scrolls of butterflies {unknown}
 p - a scroll of vulnerability
Potions
 g - 2 potions of attraction
 i - a potion of ambrosia
 j - a potion of mutation {unknown}
 l - 3 potions of curing
 o - a potion of brilliance {unknown}
 t - 2 potions of invisibility


   Skills:
 + Level 4.2 Fighting
 - Level 2.0 Long Blades
 + Level 4.1 Maces & Flails
 + Level 4.2 Armour
 + Level 4.1 Dodging
 - Level 1.0 Stealth
 * Level 6.8 Evocations


You had 8 spell levels left.
You didn't know any spells.
Your spell library contained the following spells:

 Spells                   Type           Power      Damage    Failure   Level
 Gell's Gravitas          Tloc           0%         N/A       88%         3
 Lesser Beckoning         Tloc           0%         N/A       88%         3
 Teleport Other           Tloc           0%         N/A       88%         3
 Animate Dead             Necr           0%         N/A       99%         4
 Haunt                    Necr/Summ      0%         N/A       100%        7
 Infestation              Necr           0%         N/A       100%        8


Dungeon Overview and Level Annotations

Branches:
Dungeon (6/15)             Temple (1/1) D:4

Altars:
Ashenzari
Cheibriados
Dithmenos
Elyvilon
Kikubaaqudgha
Makhleb
Nemelex Xobeh
Okawaru
Qazlal
Ru
Sif Muna
Uskayaw
Vehumet
Wu Jian
Xom
Yredelemnul
Zin
The Shining One

Shops:
D:4 [


Message History

There is an open door here.
You open the door.
There is an open door here.
You now have 1503 gold pieces (gained 8).
You open the door.
There is an open door here.
Found a stone staircase leading up.
You now have 1514 gold pieces (gained 11).
You open the door.
There is an open door here.
You open the door.
There is an open door here.
Found a chain mail.
You see here a +0 chain mail.
Found a flail.
You now have 1525 gold pieces (gained 11).
A two-headed ogre comes into view. It is wielding two +0 giant clubs.
The two-headed ogre shouts in stereo!
You fail to use your ability.
You blink.
An iguana comes into view.
The iguana hisses angrily.
Aiming: Charm
Press: ? - help, Shift-Dir - straight line, f - iguana
Aim: an iguana (haloed, chance to affect: 73%)
The iguana is charmed.
The two-headed ogre attacks as you move away!
The two-headed ogre hits you with a +0 giant club!
The two-headed ogre hits you with a +0 giant club!!
You feel stable enough to blink again.
The two-headed ogre hits your iguana with a +0 giant club.
The two-headed ogre hits your iguana with a +0 giant club!!
Your iguana dies!
Okay, then.
You blink.
The two-headed ogre attacks as you move away!
The two-headed ogre hits you with a +0 giant club!!
* * * LOW HITPOINT WARNING * * *
The two-headed ogre hits you with a +0 giant club!
You die...

#.. #.... .. .#.. #....
... ... .......
..##+##+###.# ...#....
#..........# ....#.###
#..........# ... #....
#..........####.####....
#......O................
#....§†@.........# ....
###.....####.....####+##
#.....# #............
#.....# #............
#.....# #............
#.....# #............
#####.. ######....###
#... #....# #....#


You could see a two-headed ogre.

Vanquished Creatures
  Grinder (D:4)
  A wyvern (D:6)
  A water moccasin (D:5)
  A sky beast (D:6)
  An ogre (D:5)
  2 phantoms (D:6)
  A necrophage (D:4)
  3 scorpions
  2 wights (D:6)
  A jelly (D:5)
  A hound (D:5)
  Terence (D:3)
  5 iguanas
  5 adders
  3 ufetubi
  A worm (D:2)
  5 dart slugs
  5 orcs
  5 bats
  6 bat zombies (D:3)
  6 endoplasms
  2 giant cockroaches (D:1)
  6 goblins
  10 hobgoblins
  4 jackals
  10 kobolds
  4 quokkas
  12 ball pythons
  4 frilled lizards (D:1)
  5 rats
114 creatures vanquished.

Vanquished Creatures (others)
  An iguana (D:6)
  A hobgoblin (D:4)
2 creatures vanquished.

Grand Total: 116 creatures vanquished

Notes
Turn   | Place    | Note
-------+----------+-------------------------------------------
     0 | D:1      | Gabide the Human Artificer began the quest for the Orb.
     0 | D:1      | Reached XP level 1. HP: 15/15 MP: 1/1
   671 | D:1      | Reached XP level 2. HP: 22/22 MP: 2/2
   710 | D:1      | Found a faded altar of an unknown god.
  1386 | D:1      | Reached XP level 3. HP: 27/27 MP: 3/3
  1517 | D:1      | Reached skill level 1 in Long Blades
  2305 | D:2      | Identified the +8 mace "Uvvintoz" {vorpal, +Blink rElec
                  | rC+}
  2477 | D:2      | Reached XP level 4. HP: 28/33 MP: 4/4
  2656 | D:2      | Reached skill level 1 in Maces & Flails
  2800 | D:2      | HP: 1/33 [poisoned by an adder]
  3741 | D:3      | Reached XP level 5. HP: 35/38 MP: 5/5
  3856 | D:3      | Found an ornate altar of the Wu Jian Council.
  3899 | D:3      | Noticed Terence
  3904 | D:3      | Killed Terence
  4081 | D:3      | Found an ancient bone altar of Kikubaaqudgha.
  4155 | D:4      | Found a staircase to the Ecumenical Temple.
  4328 | D:4      | Noticed Grinder
  4328 | D:4      | Paralysed by Grinder for 5 turns
  4339 | D:4      | Paralysed by Grinder for 4 turns
  4350 | D:4      | Killed Grinder
  4351 | D:4      | Reached skill level 4 in Evocations
  4351 | D:4      | Reached XP level 6. HP: 32/46 MP: 4/6
  4686 | D:4      | Reached XP level 7. HP: 51/51 MP: 7/7
  4971 | D:4      | Found a shimmering altar of Xom.
  5291 | D:4      | Found Fiowk's Antique Armour Shoppe.
  5294 | D:4      | Bought a pair of gloves for 153 gold pieces
  5540 | D:4      | Reached skill level 5 in Evocations
  5793 | Temple   | Entered the Ecumenical Temple
  6232 | D:4      | Identified a scroll of acquirement
  6232 | D:4      | Acquired 1345 gold pieces
  6422 | D:5      | Entered Level 5 of the Dungeon
  6929 | D:5      | Reached XP level 8. HP: 56/58 MP: 8/8
  7169 | D:5      | Reached skill level 6 in Evocations
  7287 | D:5      | Found a shimmering blue altar of Sif Muna.
  7287 | D:5      | Found a snail-covered altar of Cheibriados.
  7288 | D:5      | Found a glowing silver altar of Zin.
  7455 | D:6      | Noticed a wyvern
  7460 | D:6      | Killed a wyvern
  7722 | D:6      | Reached XP level 9. HP: 25/65 MP: 9/9
  8133 | D:6      | Noticed a two-headed ogre
  8141 | D:6      | Slain by a two-headed ogre

Illustrated notes

Levels and vault maps discovered:
D:1:      wander_arrival_chamber, layout_basic, basic_ecumenical_altar
D:2:      minmay_diamond_boxcup, layout_loops_cross
D:3:      layout_loops_ring, general_overflow_altar,
          lemuel_zombie_altar_kikubaaqudgha, uniq_terence
D:4:      layout_layer_cave, kennysheep_little_box,
          minmay_temple_entry_offerings, serial_shops,
          nicolae_shop_behind_doors, kennysheep_cluttered_room,
          nicolae_hexahallways, uniq_grinder
D:5:      layout_cave_pools, gammafunk_temple_overflow_claw,
          amcnicky_mini_pool_small
D:6:      layout_gridville, old_standard_altar, kennysheep_generic_room_6
Temple:   minmay_temple_forest_path

Skill      XL: |  1  2  3  4  5  6  7  8 |
---------------+-------------------------+-----
Fighting       | 2 3 4 |  4.2
Dodging        | 2 3 4 |  4.1
Long Blades    | 2 |  2.0
Maces & Flails | 2 3 4 |  4.1
Evocations     | 4 5 6 |  6.8
Armour         | 3 4 |  4.2
Stealth        | |  1.0

Action                   |  1- 3 |  4- 6 |  7- 9 || total
-------------------------+-------+-------+-------++-------
Melee: Club              |    29 |       |       ||    29
       Short sword       |   135 |       |       ||   135
       Mace              |     2 |    77 |   100 ||   179
       Punch             |     1 |       |     2 ||     3
 Abil: Evoke Blink       |       |     2 |     2 ||     4
Evoke: Wand              |     1 |    10 |     4 ||    15
  Use: Scroll            |       |       |    15 ||    15
       Potion            |       |       |     1 ||     1
 Stab: Sleeping          |     2 |     1 |       ||     3
Armor: Leather armour    |    49 |     7 |       ||    56
       Ring mail         |       |    29 |    47 ||    76
Dodge: Dodged            |   101 |    64 |    71 ||   236
